PIO (24 & UNDER)
EAU CLAIRE ESQUIRES @ SALEM SLEDGEHAMMERS
07/08/2028
 
TOP OF THE 1ST
Eau Claire Esquires batting - Pitching for Salem Sledgehammers : RHP Juan Padilla
Pitching: RHP Juan Padilla
Batting: RHB Juan Castillo 0-0: Foul Ball, location: 2F
0-1: Swinging Strike
0-2: Foul Ball, location: 2F
0-2: Foul Ball, location: 2F
0-2: Strikes out swinging
Batting: RHB Xie-li Fong 0-0: Ball
1-0: Ball
2-0: Foul Ball, location: 2F
2-1: Ball
3-1: Foul Ball, location: 2F
3-2: Base on Balls
Batting: RHB Eric Black 0-0: Foul Ball, location: 2F
0-1: Swinging Strike
0-2: Foul Ball, location: 2F
0-2: Strikes out swinging
Batting: LHB Johnny Foley 0-0: Ball
Xie-li Fong is caught stealing 2nd base
Top of the 1st over - 0 run(s), 0 hit(s), 0 error(s), 0 left on base; Eau Claire 0 - Salem 0
BOTTOM OF THE 1ST
Salem Sledgehammers batting - Pitching for Eau Claire Esquires : RHP Tom Emery
Pitching: RHP Tom Emery
Batting: RHB Ben Simpson 0-0: Foul Ball, location: 2F
0-1: Ball
1-1: Ground out 5-3 (Groundball, 56)
Batting: RHB Juan Morales 0-0: Called Strike
0-1: Swinging Strike
0-2: Fly out, F5 (Popup, 5D)
Batting: LHB Walt Brown 0-0: Called Strike
0-1: Foul Ball, location: 2F
0-2: Foul Ball, location: 2F
0-2: Strikes out swinging
Bottom of the 1st over - 0 run(s), 0 hit(s), 0 error(s), 0 left on base; Eau Claire 0 - Salem 0
TOP OF THE 2ND
Eau Claire Esquires batting - Pitching for Salem Sledgehammers : RHP Juan Padilla
Batting: LHB Johnny Foley 0-0: Called Strike
0-1: Ball
1-1: Ball
2-1: Foul Ball, location: 2F
2-2: Fly out, F3 (Line Drive, 3)
Batting: RHB Carlos García 0-0: SOLO HOME RUN (Flyball, 7LD), Distance : 400 ft
Batting: SHB Darren Ramsey 0-0: Fly out, F7 (Flyball, 7LS)
Batting: RHB Jorge Garza 0-0: Ground out 5-3 (Groundball, 56S)
Top of the 2nd over - 1 run(s), 1 hit(s), 0 error(s), 0 left on base; Eau Claire 1 - Salem 0
BOTTOM OF THE 2ND
Salem Sledgehammers batting - Pitching for Eau Claire Esquires : RHP Tom Emery
Batting: SHB Ángel Estrada 0-0: Ball
1-0: Called Strike
1-1: Ground out 6-3 (Groundball, 6M)
Batting: RHB Rich Crabtree 0-0: Called Strike
0-1: Ball
1-1: Ball
2-1: Called Strike
2-2: Ball
3-2: Foul Ball, location: 2F
3-2: Strikes out swinging
Batting: RHB Joe Wright 0-0: Foul Ball, location: 2F
0-1: Ball
1-1: Ball
2-1: Foul Ball, location: 2F
2-2: Fly out, F6 (Popup, 6)
Bottom of the 2nd over - 0 run(s), 0 hit(s), 0 error(s), 0 left on base; Eau Claire 1 - Salem 0
TOP OF THE 3RD
Eau Claire Esquires batting - Pitching for Salem Sledgehammers : RHP Juan Padilla
Batting: RHB Gary Roberts 0-0: Called Strike
0-1: Swinging Strike
0-2: Ball
1-2: Ball
2-2: Foul Ball, location: 2F
2-2: SINGLE (Groundball, 4MD)
Batting: RHB Chet White 0-0: Called Strike
0-1: Ball
Gary Roberts is caught stealing 2nd base
1-1: Foul Ball, location: 2F
1-2: Ball
2-2: Foul Ball, location: 2F
2-2: Foul Ball, location: 2F
2-2: Strikes out looking
Batting: RHB Juan Castillo 0-0: Foul Ball, location: 2F
0-1: Ball
1-1: Ball
2-1: SINGLE (Line Drive, 34D)
Batting: RHB Xie-li Fong 0-0: Ball
1-0: Foul Ball, location: 2F
1-1: Fly out, F9 (Flyball, 89M)
Top of the 3rd over - 0 run(s), 2 hit(s), 0 error(s), 1 left on base; Eau Claire 1 - Salem 0
BOTTOM OF THE 3RD
Salem Sledgehammers batting - Pitching for Eau Claire Esquires : RHP Tom Emery
Batting: LHB Miguel Gálvez 0-0: Ball
1-0: Fly out, F8 (Flyball, 89XD)
Batting: RHB Roberto Landavazo 0-0: Ball
1-0: Ball
2-0: Ground out 5-3 (Groundball, 5)
Batting: SHB Andrés Hernández 0-0: Ground out 1-3 (Groundball, P)
Bottom of the 3rd over - 0 run(s), 0 hit(s), 0 error(s), 0 left on base; Eau Claire 1 - Salem 0
TOP OF THE 4TH
Eau Claire Esquires batting - Pitching for Salem Sledgehammers : RHP Juan Padilla
Batting: RHB Eric Black 0-0: Called Strike
0-1: Foul Ball, location: 2F
0-2: Foul Ball, location: 2F
0-2: Foul Ball, location: 2F
0-2: Ball
1-2: Ground out 6-3 (Groundball, 6)
Batting: LHB Johnny Foley 0-0: Called Strike
0-1: Foul Ball, location: 2F
0-2: Foul Ball, location: 2F
0-2: Strikes out swinging
Batting: RHB Carlos García 0-0: Ball
1-0: Ball
2-0: Ball
3-0: Called Strike
3-1: Fly out, F9 (Line Drive, 9)
Top of the 4th over - 0 run(s), 0 hit(s), 0 error(s), 0 left on base; Eau Claire 1 - Salem 0
BOTTOM OF THE 4TH
Salem Sledgehammers batting - Pitching for Eau Claire Esquires : RHP Tom Emery
Batting: RHB Ben Simpson 0-0: Ball
1-0: Ball
2-0: Ball
3-0: Base on Balls
Batting: RHB Juan Morales 0-0: Ball
1-0: Called Strike
1-1: Ball
2-1: Called Strike
2-2: SINGLE (Line Drive, 56D)
Ben Simpson to second
Batting: LHB Walt Brown 0-0: Ball
1-0: Fly out, F8 (Flyball, 8LM)
Batting: SHB Ángel Estrada 0-0: Called Strike
0-1: Ball
1-1: Fly out, F4 (Popup, 4S)
Batting: RHB Rich Crabtree 0-0: Ball
1-0: Fly out, F9 (Flyball, 9S)
Bottom of the 4th over - 0 run(s), 1 hit(s), 0 error(s), 2 left on base; Eau Claire 1 - Salem 0
TOP OF THE 5TH
Eau Claire Esquires batting - Pitching for Salem Sledgehammers : RHP Juan Padilla
Batting: SHB Darren Ramsey 0-0: Fly out, F7 (Flyball, 78M)
Batting: RHB Jorge Garza 0-0: Swinging Strike
0-1: Called Strike
0-2: Strikes out swinging
Batting: RHB Gary Roberts 0-0: Fly out, F7 (Flyball, 78M)
Top of the 5th over - 0 run(s), 0 hit(s), 0 error(s), 0 left on base; Eau Claire 1 - Salem 0
BOTTOM OF THE 5TH
Salem Sledgehammers batting - Pitching for Eau Claire Esquires : RHP Tom Emery
Batting: RHB Joe Wright 0-0: Ball
1-0: Ground out 5-3 (Groundball, 5S)
Batting: LHB Miguel Gálvez 0-0: Ball
1-0: Ball
2-0: Fly out, F8 (Flyball, 8RD)
Batting: RHB Roberto Landavazo 0-0: Swinging Strike
0-1: Foul Ball, location: 2F
0-2: Foul Ball, location: 2F
0-2: Strikes out swinging
Bottom of the 5th over - 0 run(s), 0 hit(s), 0 error(s), 0 left on base; Eau Claire 1 - Salem 0
TOP OF THE 6TH
Eau Claire Esquires batting - Pitching for Salem Sledgehammers : RHP Juan Padilla
Batting: RHB Chet White 0-0: Ball
1-0: Ground out 4-3 (Groundball, 4M)
Batting: RHB Juan Castillo 0-0: Ball
1-0: Foul Ball, location: 2F
1-1: Foul Ball, location: 2F
1-2: Strikes out swinging
Batting: RHB Xie-li Fong 0-0: DOUBLE (Groundball, 5L)
Batting: RHB Eric Black 0-0: SINGLE (Groundball, 56D)
Xie-li Fong to third
Runner from 3rd tries for Home, SAFE, no throw
Batting: LHB Johnny Foley 0-0: Ball
1-0: Called Strike
1-1: Ground out U3 (Groundball, 3)
Top of the 6th over - 1 run(s), 2 hit(s), 0 error(s), 1 left on base; Eau Claire 2 - Salem 0
BOTTOM OF THE 6TH
Salem Sledgehammers batting - Pitching for Eau Claire Esquires : RHP Tom Emery
Batting: SHB Andrés Hernández 0-0: SINGLE (Line Drive, 6D)
Batting: RHB Ben Simpson 0-0: Ball
Andrés Hernández is caught stealing 2nd base
1-0: Called Strike
1-1: Foul Ball, location: 2F
1-2: DOUBLE (Line Drive, 7LD)
Batting: RHB Juan Morales 0-0: Called Strike
0-1: Ball
1-1: Ball
2-1: Foul Ball, location: 2F
2-2: Ball
3-2: Strikes out swinging
Batting: LHB Walt Brown 0-0: Ball
1-0: Foul Ball, location: 2F
1-1: Foul Ball, location: 2F
1-2: Foul Ball, location: 2F
1-2: Ball
2-2: Ball
3-2: Strikes out swinging
Bottom of the 6th over - 0 run(s), 2 hit(s), 0 error(s), 1 left on base; Eau Claire 2 - Salem 0
TOP OF THE 7TH
Eau Claire Esquires batting - Pitching for Salem Sledgehammers : RHP Juan Padilla
Batting: RHB Carlos García 0-0: Ball
1-0: Ball
2-0: Foul Ball, location: 2F
2-1: Ground out 5-3 (Groundball, 56)
Batting: SHB Darren Ramsey 0-0: Ball
1-0: Swinging Strike
1-1: Swinging Strike
1-2: Strikes out looking
Batting: RHB Jorge Garza 0-0: Ball
1-0: Ball
2-0: Ball
3-0: Base on Balls
Pitching: RHP Manuel Pérez
Batting: RHB Gary Roberts 0-0: Called Strike
0-1: SINGLE (Line Drive, 6)
Jorge Garza to second
Batting: RHB Chet White 0-0: Foul Ball, location: 2F
0-1: Foul Ball, location: 2F
0-2: Foul Ball, location: 2F
0-2: Ball
1-2: Ball
2-2: Fly out, F5 (Popup, 5S)
Top of the 7th over - 0 run(s), 1 hit(s), 0 error(s), 2 left on base; Eau Claire 2 - Salem 0
BOTTOM OF THE 7TH
Salem Sledgehammers batting - Pitching for Eau Claire Esquires : RHP Tom Emery
Batting: SHB Ángel Estrada 0-0: Ground out U3 (Groundball, 34)
Batting: RHB Rich Crabtree 0-0: Ball
1-0: Foul Ball, location: 2F
1-1: Ball
2-1: DOUBLE (Line Drive, 7D)
Batting: RHB Joe Wright 0-0: Ball
1-0: Ball
2-0: Called Strike
2-1: Called Strike
2-2: Foul Ball, location: 2F
2-2: Strikes out swinging
Pitching: RHP Dave Martin
Batting: LHB Miguel Gálvez 0-0: Called Strike
0-1: Fly out, F9 (Flyball, 9S)
Bottom of the 7th over - 0 run(s), 1 hit(s), 0 error(s), 1 left on base; Eau Claire 2 - Salem 0
TOP OF THE 8TH
Eau Claire Esquires batting - Pitching for Salem Sledgehammers : RHP Manuel Pérez
Batting: RHB Juan Castillo 0-0: Foul Ball, location: 2F
0-1: Called Strike
0-2: Ball
1-2: Ball
2-2: Strikes out swinging
Batting: RHB Xie-li Fong 0-0: Called Strike
0-1: Swinging Strike
0-2: Ball
1-2: Ball
2-2: Foul Ball, location: 2F
2-2: Strikes out looking
Batting: RHB Eric Black 0-0: Ground out 5-3 (Groundball, 56)
Top of the 8th over - 0 run(s), 0 hit(s), 0 error(s), 0 left on base; Eau Claire 2 - Salem 0
BOTTOM OF THE 8TH
Salem Sledgehammers batting - Pitching for Eau Claire Esquires : RHP Dave Martin
Batting: RHB Roberto Landavazo 0-0: Foul Ball, location: 2F
0-1: Ball
1-1: Hit by Pitch
Pitching: RHP Tim Horton
Batting: SHB Andrés Hernández 0-0: SINGLE (Line Drive, 7S)
Roberto Landavazo to second
Batting: RHB Ben Simpson 0-0: Sac Bunt - play at first, batter safe!
Roberto Landavazo to third
Andrés Hernández to second
Batting: RHB Juan Morales 0-0: Called Strike
0-1: Fielders Choice at 2nd, 5-4 (Groundball, 56)
Roberto Landavazo scores
Andrés Hernández to third
Pitching: LHP Tom Hale
Pinch Hitting: RHB Steve West 0-0: Ball
1-0: Called Strike
1-1: Ball
2-1: Fly out, F8 (Flyball, 8RS)
Pitching: RHP Elias Bednell
Batting: SHB Ángel Estrada 0-0: Fly out, F8 (Flyball, 8LM)
Bottom of the 8th over - 1 run(s), 2 hit(s), 0 error(s), 2 left on base; Eau Claire 2 - Salem 1
TOP OF THE 9TH
Eau Claire Esquires batting - Pitching for Salem Sledgehammers : RHP Manuel Pérez
Pitching: RHP Will Robinson
Now in CF: Carlos Mesa
Batting: LHB Johnny Foley 0-0: DOUBLE (Flyball, 89XD)
Pinch Hitting: RHB Terry Perkins 0-0: Intentional Walk
Batting: SHB Darren Ramsey 0-0: Swinging Strike
0-1: Foul Ball, location: 2F
0-2: Ball
1-2: Ball
2-2: Ball
3-2: Base on Balls
Johnny Foley to third
Terry Perkins to second
Pinch Hitting: LHB António Chávez 0-0: Swinging Strike
0-1: Ball
1-1: Called Strike
1-2: Hit by Pitch
Johnny Foley scores
Terry Perkins to third
Darren Ramsey to second
Pinch Hitting: SHB José García 0-0: Ball
1-0: Called Strike
1-1: Called Strike
1-2: Ball
Wild Pitch!
Terry Perkins scores
Darren Ramsey to third
António Chávez to second
2-2: Ball
3-2: Intentional Walk
Pitching: LHP John Dyer
Pinch Hitting: RHB Luis Cherena 0-0: Ball
1-0: Ball
2-0: SINGLE (Groundball, 6M) (infield hit)
Darren Ramsey scores
António Chávez to third
José García to second
Batting: RHB Juan Castillo 0-0: Reached on error, E4 (Groundball, 4S)
António Chávez scores
José García to third
Luis Cherena to second
Batting: RHB Xie-li Fong 0-0: Fielders Choice at 2nd, 5-4 (Groundball, 56)
José García scores
Luis Cherena to third
Batting: RHB Eric Black 0-0: Ball
1-0: DOUBLE (Line Drive, 9LM)
Luis Cherena scores
Xie-li Fong to third
Runner from 3rd tries for Home, SAFE, no throw
Batting: LHB Johnny Foley 0-0: Called Strike
0-1: DOUBLE (Line Drive, 7LM)
Eric Black scores
Pitching: RHP William Ayliffe
Batting: RHB Terry Perkins 0-0: Ball
1-0: Ball
2-0: Ball
3-0: Called Strike
3-1: Base on Balls
Batting: SHB Darren Ramsey 0-0: Swinging Strike
0-1: SINGLE (Groundball, 3D)
Johnny Foley to third
Terry Perkins to second
Runner from 3rd tries for Home, SAFE, no throw
Batting: LHB António Chávez 0-0: Ball
1-0: Grounds into double play, 5-4-3 (Groundball, 56)
Top of the 9th over - 9 run(s), 5 hit(s), 1 error(s), 1 left on base; Eau Claire 11 - Salem 1
BOTTOM OF THE 9TH
Salem Sledgehammers batting - Pitching for Eau Claire Esquires : RHP Elias Bednell
Now at C: Lorenzo Vargas
Now at 1B: Terry Perkins
Now at 2B: Kyle McIntyre
Now at SS: Darren Campbell
Batting: RHB Rich Crabtree 0-0: Ball
1-0: Ground out 6-3 (Groundball, 6)
Batting: RHB Joe Wright 0-0: Ball
1-0: Ball
2-0: Called Strike
2-1: Called Strike
2-2: Ball
3-2: Fly out, F8 (Flyball, 8RD)
Batting: LHB Miguel Gálvez 0-0: Swinging Strike
0-1: Ball
1-1: Foul Ball, location: 2F
1-2: Ball
2-2: Strikes out looking
Bottom of the 9th over - 0 run(s), 0 hit(s), 0 error(s), 0 left on base; Eau Claire 11 - Salem 1
Tuesday, August 8th, 2017 - OOTP Baseball 17.12 Build 75